 Dungeon Crawl Stone Soup version 0.20-a0-556-g892c87b (webtiles) character file.

1374 kae the Carver (level 8, -4/73 HPs)
             Began as a Minotaur Fighter on Feb 6, 2017.
             Was a Believer of Okawaru.
             Slain by an orc warrior
             ... wielding a +0 scimitar
              (18 damage)
             ... on level 6 of the Dungeon.
             The game lasted 00:05:21 (4631 turns).

kae the Carver (Minotaur Fighter)                   Turns: 4631, Time: 00:05:21

Health: -4/73      AC: 10    Str: 23    XL:     8   Next: 39%
Magic:  7/7        EV:  7    Int:  6    God:    Okawaru [**....]
Gold:   207        SH:  9    Dex:  9    Spells: 7/7 levels left

rFire    . . .     SeeInvis .   a - +0 long sword
rCold    . . .     Gourm    +   b - +0 scale mail
rNeg     . . .     Faith    .   c - +0 shield
rPois    .         Spirit   .   (helmet restricted)
rElec    .         Reflect  .   (no cloak)
rCorr    .         Harm     .   (no gloves)
MR       .....                  e - +1 pair of boots
Stlth    ..........             h - amulet of the gourmand
Regen    0.3/turn               (no ring)
                                v - ring of wizardry

@: no status effects
A: retaliatory headbutt, horns 2
a: Heroism, Renounce Religion


You were on level 6 of the Dungeon.
You worshipped Okawaru.
Okawaru was pleased with you.
You were completely stuffed.

You visited 1 branch of the dungeon, and saw 6 of its levels.

You collected 207 gold pieces.

Inventory:

Hand Weapons
 a - a +0 long sword (weapon)
Armour
 b - a +0 scale mail (worn)
 c - a +0 shield (worn)
 e - a +1 pair of boots (worn)
Jewellery
 h - an amulet of the gourmand (around neck)
 v - a ring of wizardry (left hand)
Wands
 y - a wand of confusion (25/48)
Scrolls
 m - a scroll of identify
 n - 3 scrolls of remove curse
 o - 3 scrolls of recharging
 q - a scroll of enchant armour
 s - 3 scrolls of teleportation
Potions
 d - a potion of might
 i - a potion of agility
 j - a potion of mutation {unknown}
 k - 3 potions of curing
 l - a potion of haste
 r - a potion of magic
 t - a potion of brilliance
 u - 2 potions of lignification
 x - a potion of flight {unknown}
Comestibles
 f - 4 bread rations
 g - 4 fruits
 p - a royal jelly


   Skills:
 + Level 7.2 Fighting
 * Level 9.3 Long Blades
 + Level 6.8 Armour
 - Level 3.6 Shields


You had 7 spell levels left.
You didn't know any spells.

Dungeon Overview and Level Annotations

Branches:
Dungeon (6/15)             Temple (0/1) D:5

Altars:
Fedhas
Nemelex Xobeh
Okawaru
Ru
Vehumet
Xom
Yredelemnul


Innate Abilities, Weirdness & Mutations

You reflexively headbutt those who attack you in melee.
You have a pair of horns on your head.


Message History

Okawaru accepts your kill. The centaur barely misses you.
The orc warrior hits you with a scimitar!!
The orc priest calls down the wrath of Beogh upon you.
Beogh smites you!
You are too injured to fight recklessly!
You are too injured to fight recklessly!
You are too injured to fight recklessly!
You are too injured to fight recklessly!
You are too injured to fight recklessly!
As you read the scroll labeled PIWISO XUAXT, it crumbles to dust.
You feel aware of your surroundings.
You sensed 1 altar.
It was a scroll of magic mapping.
You block the centaur's attack.
Okay, then.
Okay, then.
The centaur wields an uncursed shortbow.
The centaur shoots an arrow.
The arrow hits you!
* * * LOW HITPOINT WARNING * * *
The orc warrior hits you with a scimitar!!
You die...

,,,,.....,,,*,,...#,>,,,+,,,,*,,,
####*#..##+#**#..#**####*,*****,,
#..###..##.####..###...##,**,****
.........................,,,,,,,,
.............>...........,,,,,,**
)............^...........,,,,,,*,
......)...............[..,,,,,,*,
..................)......,,,,,,*_
._..........<...@(o......,,,,,,*,
.................oc......,,,,,,*,
##.##.####..###...#######+***,,**
##.##.#**#..#*#####**,,,,,******
#.....#,......,,,,,*,,,,,,,*
#.....#........,,,,*,,,,,,,*
#.....#........,,,,*,,,,,,,*
#######**********+***,,,,***
**,,,,***,,,***,********+********


You could see an orc warrior, a centaur and an orc priest.

Vanquished Creatures
  Menkaure (D:5)
  An ice beast (D:5)
  A sky beast (D:5)
  An ogre (D:5)
  3 centaurs
  2 bullfrogs
  A water moccasin skeleton (D:4)
  A scorpion (D:4)
  A hound (D:5)
  A centaur skeleton (D:5)
  2 orc priests
  2 bullfrog skeletons
  2 iguanas (D:4)
  Ijyb (D:3)
  An orc wizard (D:2)
  A worker ant (D:4)
  A worker ant zombie (D:5)
  4 gnolls (D:5)
  5 adders
  A shadow imp (D:4)
  5 worms
  A dart slug (D:3)
  4 leopard geckos
  11 orcs
  6 giant cockroaches
  8 goblins
  8 hobgoblins
  8 jackals
  3 quokkas
  10 bats
  6 frilled lizards
  A giant cockroach zombie (D:5)
  6 kobolds
  11 rats
121 creatures vanquished.

Vanquished Creatures (others)
  5 dream sheep (D:4)
5 creatures vanquished.

Grand Total: 126 creatures vanquished

Notes
Turn   | Place    | Note
-------+----------+-------------------------------------------
     0 | D:1      | kae the Minotaur Fighter began the quest for the Orb.
     0 | D:1      | Reached XP level 1. HP: 19/19 MP: 0/0
   155 | D:1      | Reached skill level 3 in Long Blades
   194 | D:1      | Reached XP level 2. HP: 27/27 MP: 1/1
   804 | D:2      | Reached XP level 3. HP: 28/33 MP: 2/2
  1118 | D:2      | Reached skill level 4 in Long Blades
  1141 | D:2      | Found a sacrificial altar of Ru.
  1159 | D:2      | Reached XP level 4. HP: 38/41 MP: 3/3
  1819 | D:3      | Noticed Ijyb
  1831 | D:3      | Killed Ijyb
  1831 | D:3      | Reached skill level 5 in Long Blades
  1831 | D:3      | Reached XP level 5. HP: 41/47 MP: 4/4
  1935 | D:3      | HP: 1/47 [hobgoblin (3)]
  2346 | D:3      | Reached skill level 5 in Fighting
  2591 | D:4      | Found a radiant altar of Vehumet.
  2591 | D:4      | Found an iron altar of Okawaru.
  2602 | D:4      | Found a blossoming altar of Fedhas.
  2607 | D:4      | Became a worshipper of Warmaster Okawaru
  2634 | D:4      | Reached XP level 6. HP: 50/56 MP: 5/5
  2729 | D:4      | Reached skill level 6 in Long Blades
  2787 | D:4      | Reached skill level 5 in Armour
  2907 | D:4      | Found a shimmering altar of Xom.
  2907 | D:4      | Noticed a dream sheep
  2907 | D:4      | Noticed a dream sheep
  2907 | D:4      | Noticed a dream sheep
  2907 | D:4      | Noticed a dream sheep
  2907 | D:4      | Noticed a dream sheep
  2911 | D:4      | Killed a dream sheep
  2911 | D:4      | Killed a dream sheep
  2911 | D:4      | Killed a dream sheep
  2911 | D:4      | Killed a dream sheep
  2911 | D:4      | Killed a dream sheep
  3504 | D:5      | Entered Level 5 of the Dungeon
  3513 | D:5      | Reached * piety under Okawaru
  3521 | D:5      | Noticed Menkaure
  3528 | D:5      | Killed Menkaure
  3528 | D:5      | Reached skill level 7 in Long Blades
  3528 | D:5      | Reached XP level 7. HP: 30/62 MP: 6/6
  3914 | D:5      | Reached skill level 8 in Long Blades
  3971 | D:5      | Reached ** piety under Okawaru
  4181 | D:5      | Found a staircase to the Ecumenical Temple.
  4221 | D:5      | Found a sparkling altar of Nemelex Xobeh.
  4240 | D:5      | Reached XP level 8. HP: 71/71 MP: 7/7
  4277 | D:6      | Found a basalt altar of Yredelemnul.
  4590 | D:6      | Reached skill level 9 in Long Blades
  4631 | D:6      | Slain by an orc warrior

Vault maps used:
D:1:      kennysheep_arrival_forest, grunt_decor_mini_mirrors
D:2:      nicolae_ru_great_annihilating_truth, hangedman_decor_growths,
          minmay_misc_feat_four_crosses, minmay_bisected
D:3:      uniq_iyjb
D:4:      minitemple, kb_xom_exploding_sheep, first_bread, minivault_25
D:5:      kennysheep_mini_moat, temple_green, uniq_menkaure
D:6:      lemuel_insect_pit, lemuel_coloured_pillars_altar,
          overflow_temple_1_default

Skill      XL: |  1  2  3  4  5  6  7  8 |
---------------+-------------------------+-----
Long Blades    | 3 4 5 7 8 9 |  9.3
Fighting       | 4 5 6 7 |  7.2
Armour         | 4 5 6 |  6.8
Shields        | |  3.6

Action                   |  1- 3 |  4- 6 |  7- 9 || total
-------------------------+-------+-------+-------++-------
Melee: Long sword        |    87 |   168 |   100 ||   355
       Headbutt          |    12 |    28 |    16 ||    56
  Use: Scroll            |     2 |    12 |     3 ||    17
       Potion            |       |     2 |       ||     2
 Stab: Paralysed         |     2 |       |       ||     2
  Eat: Chunk             |     1 |    16 |     4 ||    21
Armor: Scale mail        |    48 |    67 |    44 ||   159
Dodge: Dodged            |    23 |    53 |    30 ||   106
Block: Shield            |    46 |    97 |    62 ||   205
       Rpst.: Long sword |     6 |     9 |    11 ||    26
